cohdb
Replays
Latest Replays
All Replays
Popular Replays
Top Player Replays
Match Explorer
How It Works
Community
CoH3 Stats
Reddit
Sign in to upload your games and track your stats! →
Sign in with Steam
Match 47220484
Unlisted
Match 47220484
Overview
Messages
Build Orders
End
Engineer Squad
Construct Barracks
Selects Airborne Battlegroup
Selects Heavy Machine Gun Paradrop
1⁄4-ton 4x4 Truck
1⁄4-ton 4x4 Truck
M1 Mortar Team
Heavy Machine Gun Paradrop
Selects Paratrooper Squad Paradrop
Paratrooper Squad Paradrop
Mechanized Support Center
Construct Weapon Support Center
Bazooka Squad
Paratrooper Squad Paradrop
Construct Tank Depot
M4A1 Sherman Medium Tank
Selects Recon Loiter
Selects Supply Drop
Selects Anti-tank Gun Team Paradrop
Anti-tank Gun Team Paradrop
Engineer Squad
Supply Drop
Recon Loiter
M4A1 Sherman Medium Tank
Anti-tank Gun Team Paradrop
Anti-tank Gun Team Paradrop
Recon Loiter
Designate Forward Repair Station
Esxile
Bego
Exerate
thekaelz
0
0
Comments
sign in to comment!
No comments posted yet!